 Dungeon Crawl Stone Soup version 0.26.0-45-g9c1d065592 (webtiles) character file.

Game seed: 2131339827736697121

482 kaeus the Skirmisher (level 7, -9/51 HPs)
             Began as an Octopode Fighter on Jan 31, 2021.
             Mangled by a wight
             ... wielding a +2 great sword of freezing
              (11 damage)
             ... on level 5 of the Dungeon.
             The game lasted 00:04:07 (3608 turns).

kaeus the Skirmisher (Octopode Fighter)             Turns: 3608, Time: 00:04:08

Health: -9/51      AC:  1    Str: 17    XL:     7   Next: 12%
Magic:  7/7        EV: 12    Int: 11    God:
Gold:   220        SH:  9    Dex: 13    Spells: 6/6 levels left

rFire    . . .     SeeInvis .   m - +1 dagger (venom)
rCold    . . .     Faith    .   b - +0 kite shield
rNeg     . . .     Spirit   .   (helmet restricted)
rPois    .         Reflect  .   (no amulet)
rElec    .         Harm     .   g - ring of stealth
rCorr    .         Rampage  .   (no ring)
Will     .....                  (no ring)
Stlth    ++++......             (no ring)
HPRegen  0.00/turn              (no ring)
MPRegen  0.10/turn              (no ring)
                                (no ring)
                                (no ring)

@: flying, hasted, very quick
A: almost no armour, stealthy swim, amphibious, 8 rings, constrict 8, camouflage
1, inhibited regeneration, strong 1, wild magic 1, gelatinous body 1
a: no special abilities


You were on level 5 of the Dungeon.
You visited 1 branch of the dungeon, and saw 6 of its levels.

You collected 220 gold pieces.

Inventory:

Hand Weapons
 l - a +1 dagger of flaming
 m - a +1 dagger of venom (weapon)
Armour
 b - a +0 kite shield (worn)
Jewellery
 g - a ring of stealth (left tentacle)
Scrolls
 d - 4 scrolls of remove curse {unknown}
 e - 2 scrolls of amnesia {unknown}
 f - 6 scrolls of identify {unknown}
 h - 4 scrolls of teleportation {unknown}
 i - a scroll of blinking {unknown}
Potions
 c - a potion of might


   Skills:
 + Level 5.7 Fighting
 + Level 5.3 Short Blades
 - Level 3.0 Dodging
 * Level 2.1 Stealth
 - Level 3.0 Shields


You had 6 spell levels left.
You didn't know any spells.
Your spell library was empty.

Dungeon Overview and Level Annotations

Branches:
Dungeon (6/15)             Temple (0/1) D:4

Altars:
Gozag
Makhleb
Nemelex Xobeh
Qazlal
Trog
Vehumet
Wu Jian

Annotations:
D:2 2 transporters


Innate Abilities, Weirdness & Mutations

You cannot wear most types of armour.
You are very stealthy in the water. (Stealth+)
You are amphibious.
You can wear up to eight rings at the same time.
You can use your tentacles to constrict eight enemies at once.
Your skin changes colour to match your surroundings (Stealth+).
Your rubbery body absorbs attacks. (AC +1, EV +1)
You do not regenerate when monsters are visible.
Your muscles are strong. (Str +2)
Your spells are a little harder to cast, but a little more powerful.


Message History

The wight freezes you.
* * * LOW HITPOINT WARNING * * *
The worker ant bites you.
* * * LOW HITPOINT WARNING * * *
You take 20 damage, and have 2/51 hp.
MASSIVE DAMAGE!!
It was a potion of haste.
You feel yourself speed up. The worker ant barely misses you.
You block the wight's attack.
It was a potion of flight.
You feel very buoyant.
You fly up into the air.
You block the worker ant's attack.
It was a potion of mutation.
You feel extremely strange.
Your regeneration stops near monsters.
You feel less in control of your magic.
You feel stronger. You block the wight's attack.
You barely miss the wight. Your grab misses the wight.
You kill the worker ant!
Your Stealth skill increases to level 2!
You barely miss the wight. You grab the wight. You constrict the wight.
The wight hits you with a +2 great sword of freezing!
You die...

####### #
#..... ##
#.#.#..
...#.#.#.###.#
........z....#
.......@.#####
.#.........#.#
###.......#.#
#...........#
#......#....#
#.....)..<..#
#.##..##.##.#
#../.. #.. .#
###.. #### #


You could see a wight.

Vanquished Creatures
  A centaur (D:3)
  A scorpion (D:5)
  2 orc priests (D:3)
  3 orc wizards (D:3)
  Jessica (D:2)
  A worker ant (D:5)
  A hound skeleton (D:5)
  Robin (D:2)
  3 adders
  An ooze (D:1)
  A worm (D:3)
  4 dart slugs
  3 leopard geckos
  10 orcs (D:3)
  2 giant cockroaches (D:3)
  14 goblins
  17 hobgoblins
  A quokka (D:3)
  A ball python (D:3)
  9 bats
  5 frilled lizards
  7 kobolds
  6 rats
95 creatures vanquished.

Vanquished Creatures (others)
  11 plants (D:3)
11 creatures vanquished.

Grand Total: 106 creatures vanquished

Notes
Turn   | Place    | Note
-------+----------+-------------------------------------------
     0 | D:1      | kaeus the Octopode Fighter began the quest for the Orb.
     0 | D:1      | Reached XP level 1. HP: 16/16 MP: 1/1
    69 | D:1      | Reached XP level 2. HP: 16/21 MP: 2/2
   517 | D:1      | Reached XP level 3. HP: 14/26 MP: 3/3
  1260 | D:2      | Found a radiant altar of Vehumet.
  1304 | D:2      | Found an opulent altar of Gozag.
  1307 | D:2      | Found a burning altar of Makhleb.
  1307 | D:2      | Found a stormy altar of Qazlal.
  1476 | D:2      | Noticed Jessica
  1490 | D:2      | Killed Jessica
  1491 | D:2      | Reached XP level 4. HP: 32/33 MP: 4/4
  1557 | D:2      | Noticed Robin
  1580 | D:2      | Killed Robin
  1818 | D:2      | Found a transporter.
  1821 | D:2      | Noticed a centaur
  1822 | D:2      | Found a transporter.
  1824 | D:2      | Noticed a centaur
  1833 | D:2      | Found a sparkling altar of Nemelex Xobeh.
  2156 | D:3      | Reached XP level 5. HP: 38/38 MP: 5/5
  2269 | D:3      | Reached skill level 5 in Fighting
  2269 | D:3      | Reached XP level 6. HP: 33/45 MP: 6/6
  2377 | D:3      | Found an ornate altar of the Wu Jian Council.
  2533 | D:3      | Reached skill level 5 in Short Blades
  3409 | D:4      | Found a staircase to the Ecumenical Temple.
  3443 | D:4      | Found a bloodstained altar of Trog.
  3578 | D:5      | Entered Level 5 of the Dungeon
  3591 | D:5      | Reached skill level 1 in Stealth
  3591 | D:5      | Reached XP level 7. HP: 40/51 MP: 7/7
  3603 | D:5      | HP: 2/51 [worker ant (3)]
  3606 | D:5      | Gained mutation: You do not regenerate when monsters are
                  | visible. [potion of mutation]
  3606 | D:5      | Gained mutation: Your spells are a little harder to cast,
                  | but a little more powerful. [potion of mutation]
  3606 | D:5      | Gained mutation: Your muscles are strong. (Str +2) [potion
                  | of mutation]
  3608 | D:5      | Mangled by a wight

Illustrated notes

Levels and vault maps discovered:
D:1:      co_arrival_random_square_maze, layout_basic, minmay_misc_feat_iff
D:2:      layout_rooms, grunt_temple_overflow_open, old_standard_altar,
          gammafunk_temple_overflow_arena, uniq_jessica, uniq_robin
D:3:      layout_rooms, overflow_temple_1_default, serial_bayou,
          serial_bayou_lagoon_a, serial_bayou_pond_b, serial_bayou_shore_b,
          serial_bayou_pond_a, serial_bayou_lagoon_b
D:4:      layout_loops_ring, minmay_temple_entry_from_below_a,
          trog_hazing_becter, uniq_grinder, uniq_edmund
D:5:      layout_basic
D:6:      layout_basic, serial_shops, nicolae_shop_statue_plus

Skill      XL: |  1  2  3  4  5  6  7 |
---------------+----------------------+-----
Short Blades   | 3 4 5 |  5.3
Fighting       | 4 5 |  5.7
Stealth        | 1 2 |  2.1
Dodging        | |  3.0
Shields        | |  3.0

Action                   |  1- 3 |  4- 6 |  7- 9 || total
-------------------------+-------+-------+-------++-------
Melee: Rapier            |    41 |       |       ||    41
       Constrict         |    16 |    45 |     2 ||    63
       Tentacles         |    11 |    28 |       ||    39
       Dagger            |    23 |   117 |     7 ||   147
  Use: Potion            |       |       |     3 ||     3
 Stab: Sleeping          |     6 |     3 |       ||     9
Armor: Skin              |     7 |     2 |       ||     9
Dodge: Dodged            |    12 |    42 |     4 ||    58
Block: Kite shield       |    23 |    42 |     6 ||    71
